 Dungeon Crawl Stone Soup version 0.30-a0-219-gf2db51d15e (webtiles) character file.

Game seed: 5106828321870628028

147 Decritt the Sneak (level 5, -1/25 HPs)
             Began as a Spriggan Enchanter on Oct 7, 2022.
             Killed by nerve-wracking pain
             ... invoked by an orc priest
              (14 damage)
             ... on level 4 of the Dungeon.
             The game lasted 00:05:48 (2911 turns).

Decritt the Sneak (Spriggan Enchanter)              Turns: 2911, Time: 00:05:49

Health: -1/25      AC:  2    Str:  4    XL:     5   Next: 8%
Magic:  11/11      EV: 18    Int: 16    God:
Gold:   159        SH:  0    Dex: 18    Spells: 3/11 levels left

rFire   . . .      SeeInvis +    f - +2 dagger (drain)
rCold   . . .      Faith    .    (no shield)
rNeg    . . .      Spirit   .    b - +0 robe
rPois   .          Reflect  .    (helmet restricted)
rElec   .          Harm     .    (no cloak)
rCorr   .          Rampage  .    (gloves unavailable)
Will    .....                    (boots unavailable)
Stlth   +++.......               (no amulet)
HPRegen 0.24/turn                (no ring)
MPRegen 0.12/turn                (no ring)

@: very quick
A: very small, no large weapons, unfitting armour, see invisible, speed 3
a: no special abilities


You were on level 4 of the Dungeon.
You visited 1 branch of the dungeon, and saw 4 of its levels.

You collected 159 gold pieces.

Inventory:

Hand Weapons
 a - a +1 dagger
 f - a +2 dagger of draining (weapon)
Armour
 b - a +0 robe (worn)
Scrolls
 g - a scroll of fear {unknown}
 i - a scroll of torment {unknown}
 j - a scroll of identify {unknown}
 l - a scroll of enchant armour {unknown}
 n - 2 scrolls of teleportation {unknown}
 p - a scroll of noise {unknown}
 q - a scroll of poison {unknown}
Potions
 c - 3 potions of invisibility
 d - 3 potions of cancellation {unknown}
 e - 2 potions of curing {unknown}
 h - 3 potions of degeneration {unknown}
 k - 2 potions of brilliance {unknown}
 m - a potion of berserk rage {unknown}
 o - a potion of flight {unknown}
 r - a potion of ambrosia {unknown}


   Skills:
 + Level 1.2 Fighting
 + Level 2.2 Short Blades
 + Level 3.6 Dodging
 + Level 5.6 Stealth
 + Level 3.5 Spellcasting
 + Level 4.3 Hexes
 + Level 0.2 Translocations


You had 3 spell levels left.
You knew the following spells:

 Your Spells              Type           Power      Damage    Failure   Level
a - Confusing Touch       Hex            16%        N/A       9%          3
b - Tukima's Dance        Hex            16%        N/A       9%          3
c - Ensorcelled Hibernat  Hex/Ice        18%        N/A       11%         2

Your spell library contained the following spells:

 Spells                   Type           Power      Damage    Failure   Level
 Summon Small Mammal      Summ           8%         N/A       19%         1
 Dazzling Flash           Conj/Hex       18%        N/A       22%         3
 Summon Guardian Golem    Hex/Summ       9%         N/A       22%         3
 Passwall                 Tmut/Erth      1%         N/A       26%         2
 Call Canine Familiar     Summ           2%         N/A       47%         3
 Swiftness                Air            2%         N/A       47%         3
 Passage of Golubria      Tloc           3%         N/A       85%         4
 Yara's Violent Unravell  Hex/Tmut       4%         3d4       90%         5


Dungeon Overview and Level Annotations

Branches:
Dungeon (4/15)
 Temple: D:4-7

Altars:
Hepliaklqana


Innate Abilities, Weirdness & Mutations

You are very small and have problems with some larger weapons.
You are too small for most types of armour.
You have supernaturally acute eyesight. (SInv)
You cover ground extremely quickly. (Speed+++)


Message History

No target in view!
No target in view!
No target in view!
Found a stone staircase leading down.
No target in view!
Found a stone staircase leading up.
You pick up a book of Burglary and begin reading...
You add the spells Passwall and Swiftness to your library.
A dart slug comes into view.
Found a war axe.
Found a hazy altar of Hepliaklqana.
A dart slug is nearby!
The dart slug launches a dart at you. The slug dart misses you.
You hit the dart slug.
The dart slug is moderately wounded.
The dart slug completely misses you.
You hit the dart slug. You drain the dart slug.
The dart slug is severely wounded.
The dart slug completely misses you.
You hit the dart slug. You drain the dart slug.
You kill the dart slug!
No target in view!
(D) Dungeon
Where to? (Enter - D:4, ? - help)
Okay, then.
You now have 159 gold pieces (gained 19).
A ball python comes into view.
The ball python hisses angrily.
You hear a shout!
An orc priest comes into view. It is wielding a +0 short sword.
The orc priest shouts!
You hear a shout!
An orc comes into view. It is wielding a +0 dagger.
You hit the ball python.
You kill the ball python!
The orc priest mumbles some strange prayers to Beogh against you.
Beogh smites you!
You hear a shout!
The orc priest calls down the wrath of Beogh upon you.
Pain shoots through your body!
Ouch! That really hurt!
You die...

#...).........
#.#####.....# ..## #...
...### #.# ##
.....####.# .#
.......#..# .##
##........### ..####.
###........#####..o....
##...........@..o....
#.................#..
.....##......####...#
#...###.....## #...#
##.. #....## ..... ....
.....## ...# .. .......
### ......


You could see an orc priest and an orc.

Vanquished Creatures
  Natasha (D:2)
  5 adders
  3 worms (D:3)
  2 dart slugs
  2 orcs (D:3)
  4 bats
  7 endoplasms
  3 giant cockroaches
  6 goblins
  5 hobgoblins
  2 jackals (D:1)
  3 quokkas
  6 ball pythons
  5 kobolds
  8 rats
62 creatures vanquished.

Notes
Turn   | Place    | Note
-------+----------+-------------------------------------------
     0 | D:1      | Decritt the Spriggan Enchanter began the quest for the Orb.
     0 | D:1      | Reached XP level 1. HP: 9/9 MP: 5/5
   271 | D:1      | Reached XP level 2. HP: 13/13 MP: 6/6
   455 | D:1      | Found a faded altar of an unknown god.
  1071 | D:2      | Reached skill level 5 in Stealth
  1071 | D:2      | Reached XP level 3. HP: 9/17 MP: 8/8
  1664 | D:2      | Noticed Natasha
  1686 | D:2      | Killed Natasha
  1687 | D:2      | Reached skill level 1 in Fighting
  1687 | D:2      | Reached XP level 4. HP: 13/22 MP: 9/9
  2250 | D:3      | Reached XP level 5. HP: 10/25 MP: 11/11
  2460 | D:3      | Learned a level 3 spell: Confusing Touch
  2464 | D:3      | Learned a level 3 spell: Tukima's Dance
  2467 | D:3      | Learned a level 2 spell: Ensorcelled Hibernation
  2870 | D:4      | Found a hazy altar of Hepliaklqana.
  2911 | D:4      | Killed from afar by an orc priest

Illustrated notes

Levels and vault maps discovered:
D:1:      ebering_trefoil_twist, layout_basic, chequers_ecumenical_altar_grove,
          minmay_tetromino_t2
D:2:      layout_basic, uniq_natasha
D:3:      layout_loops_ring, chequers_serial_rivers_micro_a, st_stairs_1,
          nicolae_underground_beach
D:4:      layout_layer_cave, mainiacjoe_overflow_catch_the_wave,
          minmay_temple_entry_antechambers, minmay_crossroads

Skill      XL: |  1  2  3  4 |
---------------+-------------+-----
Dodging        | 3 |  3.6
Spellcasting   | 3 |  3.5
Stealth        | 5 |  5.6
Hexes          | 4 |  4.3
Fighting       | 1 |  1.2
Short Blades   | 2 |  2.2
Translocations | |  0.2

Action                   |  1- 3 |  4- 6 || total
-------------------------+-------+-------++-------
Melee: Dagger            |   112 |    67 ||   179
       Punch             |       |     1 ||     1
 Stab: Sleeping          |     8 |     9 ||    17
Armor: Robe              |     8 |     2 ||    10
Dodge: Dodged            |    81 |    33 ||   114

Table legend: (Time is in decaauts)
 A = Elapsed time spent in this place.
 B = Non-inter-level travel time spent in this place.
 C = Inter-level travel time spent in this place.
 D = Time resting spent in this place.
 E = Time spent auto-exploring this place.
 F = Levels seen in this place.
 G = Mean time per level.
                   A        B        C        D        E       F      G
               +--------+--------+--------+--------+--------+-----+--------+
         Total |   2114 |   2058 |     56 |    657 |    970 |   4 |  528.5 |
       Dungeon |   2114 |   2058 |     56 |    657 |    970 |   4 |  528.5 |
               +--------+--------+--------+--------+--------+-----+--------+

Top non-repeatable levels by time:
     D:2: 884 daAuts
     D:3: 624 daAuts
     D:1: 549 daAuts
     D:4: 56 daAuts
